 Dungeon Crawl Stone Soup version 0.14-a0-2679-gcb94c3d (webtiles) character file.

280 CrazyArbalest the Bolt Thrower (level 5, -9/37 HPs)
             Began as a Demonspawn Hunter on Feb 17, 2014.
             Killed by divine providence
             ... invoked by an orc priest
              (12 damage)
             ... on Level 3 of the Dungeon.
             The game lasted 00:09:59 (3162 turns).

CrazyArbalest the Bolt Thrower (Demonspawn Hunter)  Turns: 3162, Time: 00:09:59

HP  -9/37        AC 11     Str 13      XL: 5   Next: 44%
MP   5/5         EV 12     Int 12      God:
Gold 86          SH  0     Dex 14      Spells:  0 memorised,  4 levels left

rFire  . . .     SeeInvis .     a - +1,+2 elf whip
rCold  . . .     Clarity  .     H - +2 orc leather armour
rNeg   . . .     Conserve .     (no shield)
rPois  .         rCorr    .     (no helmet)
rElec  .         rRot     .     (no cloak)
SustAb . .       Spirit   .     (no gloves)
rMut   .         Warding  .     (no boots)
Saprov . . .     Stasis   .     (no amulet)
MR     .....                    (no ring)
                                (no ring)

@: not resistant to hostile enchantments, unstealthy
A: iridescent scales 2
a: no special abilities


You were on level 3 of the Dungeon.
You were not hungry.

You visited 1 branch of the dungeon, and saw 3 of its levels.

You collected 86 gold pieces.

Inventory:

Hand weapons
 a - a +1,+2 elven whip (weapon)
 b - a +1,+1 crossbow
Missiles
 c - 20 bolts
Armour
 H - a +2 orcish leather armour (worn)
Comestibles
 f - 3 bread rations
 n - 2 chunks of orc flesh
 t - a banana
 x - 3 rotting chunks of orc flesh
Scrolls
 d - a scroll of fog {unknown}
 e - a scroll of amnesia {unknown}
 g - a scroll of enchant weapon II {unknown}
 k - a scroll of remove curse {unknown}
 o - 2 scrolls of curse weapon {unknown}
 q - a scroll of recharging {unknown}
 v - a scroll of identify {unknown}
 y - 2 scrolls of immolation {unknown}
 C - a scroll of fear {unknown}
 G - a scroll of teleportation {unknown}
Jewellery
 l - an uncursed amulet of the gourmand {unknown}
 s - an uncursed amulet of the gourmand {unknown}
Potions
 h - a potion of magic {unknown}
 j - a potion of degeneration {unknown}
 u - 2 potions of curing {unknown}
 w - 2 potions of agility {unknown}
 A - 3 potions of heal wounds {unknown}


   Skills:
 + Level 1.6 Fighting
 + Level 1.1 Maces & Flails
 * Level 4.4 Crossbows
 + Level 2.0 Armour
 + Level 3.1 Dodging
 + Level 1.2 Stealth


You had 4 spell levels left.
You didn't know any spells.

Dungeon Overview and Level Annotations

Branches:
Dungeon (3/16)

Altars:
Makhleb


Innate Abilities, Weirdness & Mutations

You are mostly covered in iridescent scales (AC +6).


Message History

The orc priest is almost dead.
The orc priest misses you.
You hit the orc priest.
The orc priest is almost dead.
The orc priest hits you but does no damage.
You hit the orc priest but do no damage.
The orc priest is almost dead.
The orc priest misses you.
You closely miss the orc priest.
The orc priest is almost dead.
You closely miss the orc priest.
The orc priest is almost dead.
The orc priest invokes the aid of Beogh against you.
Something smites you!
* * * LOW HITPOINT WARNING * * *
You hit the orc priest.
The orc priest is almost dead.
The orc priest mumbles some strange prayers to Beogh against you.
Something smites you!
You die...

## #...# #...####
.#########...######..((..########
.)%((..........>.......(.(.......
.###############..)..#...###.#...
## #.....##### #.#... ##...##
#.#.# ### #...###### #.#.#
..####################...###.#.##
................@o.............%.
..####################...###.#.##
#...# ####....#.# #.#.# #....#.#
#.#.# #....#.# #.# # ####.#.# #.#
#.#.# ..# #.#.. . #o#..


You could see an orc priest.

Vanquished Creatures
  A hound (D:2)
  An orc wizard (D:3)
  6 adders
  A giant mite (D:2)
  A worm (D:2)
  An ooze (D:2)
  3 giant geckos
  4 orcs (D:3)
  2 giant cockroaches
  5 goblins
  6 hobgoblins
  10 jackals
  7 kobolds
  4 bats
  2 giant newts
  5 rats
  A bush (D:1)
60 creatures vanquished.

Vanquished Creatures (others)
  5 toadstools (D:1)
5 creatures vanquished.

Grand Total: 65 creatures vanquished

Notes
Turn   | Place    | Note
--------------------------------------------------------------
     0 | D:1      | CrazyArbalest, the Demonspawn Hunter, began the quest for the Orb.
     0 | D:1      | Reached XP level 1. HP: 15/15 MP: 1/1
   588 | D:1      | Gained mutation: You are partially covered in iridescent scales (AC +4). [demonic ancestry]
   588 | D:1      | Reached XP level 2. HP: 8/21 MP: 2/2
   911 | D:1      | Reached skill level 4 in Crossbows
  1443 | D:2      | Reached skill level 1 in Stealth
  1443 | D:2      | Reached XP level 3. HP: 18/26 MP: 3/3
  1619 | D:2      | Reached skill level 1 in Armour
  1978 | D:2      | Gained mutation: You are mostly covered in iridescent scales (AC +6). [demonic ancestry]
  1978 | D:2      | Reached XP level 4. HP: 13/32 MP: 4/4
  2348 | D:2      | Found a burning altar of Makhleb.
  2679 | D:2      | Reached skill level 1 in Maces & Flails
  2690 | D:2      | Reached XP level 5. HP: 32/37 MP: 5/5
  3162 | D:3      | Killed from afar by an orc priest

Action                   |  1- 3 |  4- 6 || total
-------------------------+-------+-------++-------
Melee: Mace              |   137 |       ||   137
       Short sword       |    14 |       ||    14
       Whip              |    63 |   154 ||   217
 Fire: Crossbow          |     7 |       ||     7
 Stab: Sleeping          |     1 |     1 ||     2
